 Dungeon Crawl Stone Soup version 0.25-a0-1057-gcb8d101 (webtiles) character file.

Game seed: 13235871619457476045, levelgen mode: deterministic

299 Faca the Slinger (level 6, 0/44 HPs)
             Began as a Halfling Hunter on May 13, 2020.
             Slain by a phantom (5 damage)
             ... on level 4 of the Dungeon.
             The game lasted 00:07:20 (5235 turns).

Faca the Slinger (Halfling Hunter)                  Turns: 5235, Time: 00:07:21

Health: 0/44       AC:  6    Str: 15    XL:     6   Next: 63%
Magic:  6/6        EV: 13    Int:  9    God:
Gold:   150        SH:  0    Dex: 15    Spells: 5/5 levels left

rFire    . . .     SeeInvis .   a - +2 hunting sling
rCold    . . .     Gourm    .   (shield restricted)
rNeg     . . .     Faith    .   i - +0 ring mail
rPois    .         Spirit   .   (no helmet)
rElec    .         Reflect  .   (no cloak)
rCorr    .         Harm     .   h - +0 pair of gloves
MR       .....                  (no boots)
Stlth    +.........             (no amulet)
HPRegen  0.14/turn              (no ring)
MPRegen  0.10/turn              (no ring)

@: lethally poisoned (0 -> -3)
A: small, mutation resistance 1
a: no special abilities


You were on level 4 of the Dungeon.
You were very hungry.

You visited 1 branch of the dungeon, and saw 4 of its levels.

You collected 150 gold pieces.

Inventory:

Hand Weapons
 a - a +2 hunting sling (weapon)
 b - a +0 short sword
Missiles
 c - 110 stones (quivered)
 d - 63 sling bullets
Armour
 h - a +0 pair of gloves (worn)
 i - a +0 ring mail (worn)
Jewellery
 j - an uncursed ring of ice
Scrolls
 n - a scroll of enchant weapon
Potions
 g - a potion of mutation
Comestibles
 f - 7 rations


   Skills:
 + Level 4.3 Fighting
 + Level 8.6 Slings
 - Level 2.1 Dodging
 - Level 1.1 Stealth


You had 5 spell levels left.
You didn't know any spells.
Your spell library was empty.

Dungeon Overview and Level Annotations

Branches:
Dungeon (4/15)
 Temple: D:4-7

Altars:

Annotations:
D:3 3 runed translucent doors, DankestMemes's ghost, amateur DgCj


Innate Abilities, Weirdness & Mutations

You are small and have problems with some larger weapons.
You are somewhat resistant to further mutation.


Message History

You are more poisoned.
The scorpion poisons you!
You feel sick.
You feel sick.
The phantom blinks!
You feel sick.
There is an open door here.
You feel sick. The scorpion stings you.
* * * LOW HITPOINT WARNING * * *
You feel sick.
The phantom blinks!
Found a ration.
You feel sick.
The phantom blinks!
You feel sick.
The phantom blinks!
You feel sick.
Really attack while wielding your +2 hunting sling? [Y]es or [N]o only, please.
Really attack while wielding your +2 hunting sling?
Okay, then.
You feel sick. The phantom hits you.
You die...

#<........ #.......
########## #......#
#......# #......+
#......# #......#
#....... #......#
#....... #......#
#....... #......#
#....... #W@....#
#....... #......#
#.......
#.s....#####.......
###..........######
#.l........#.....
#..........+.....
#..........#.....
#..........###'##
#..........#.....


You could see a phantom, a scorpion and an iguana.

Vanquished Creatures
  An ogre (D:4)
  A hound (D:3)
  A centaur skeleton (D:4)
  6 adders
  3 oozes
  A worm (D:4)
  2 dart slugs
  A leopard gecko (D:3)
  2 orcs (D:3)
  5 giant cockroaches
  4 goblins
  8 hobgoblins
  10 jackals
  7 kobolds
  A quokka (D:4)
  A ball python (D:1)
  10 bats
  8 frilled lizards
  10 rats
82 creatures vanquished.

Notes
Turn   | Place    | Note
-------+----------+-------------------------------------------
     0 | D:1      | Faca the Halfling Hunter began the quest for the Orb.
     0 | D:1      | Reached XP level 1. HP: 14/14 MP: 1/1
    77 | D:1      | Reached skill level 6 in Slings
   172 | D:1      | Reached XP level 2. HP: 19/19 MP: 2/2
  1042 | D:1      | Reached XP level 3. HP: 19/25 MP: 3/3
  2133 | D:2      | Reached XP level 4. HP: 16/30 MP: 4/4
  2443 | D:2      | Reached skill level 7 in Slings
  3166 | D:3      | Reached XP level 5. HP: 7/36 MP: 5/5
  4142 | D:3      | Found a runed translucent gate.
  4142 | D:3      | Found a runed translucent gate.
  4144 | D:3      | Found a runed translucent gate.
  4145 | D:3      | Noticed DankestMemes's ghost (amateur DgCj)
  4707 | D:4      | Reached skill level 8 in Slings
  4707 | D:4      | Reached XP level 6. HP: 27/43 MP: 6/6
  4876 | D:4      | Noticed an ogre
  4886 | D:4      | Killed an ogre
  5175 | D:4      | Noticed a phantom
  5235 | D:4      | Slain by a phantom

Illustrated notes

Levels and vault maps discovered:
D:1:      minmay_arrival_nine_rooms, layout_basic, minivault_11,
          wad_floor_pattern_untrapped, chequers_serial_rivers_small_3,
          kennysheep_decorative_pillar, corexii_item_surrounded_by_moat
D:2:      layout_loops_ring, first_ration, kennysheep_cluttered_room
D:3:      layout_loops_ring, ebering_ghost_rock_garden
D:4:      layout_gridville, nicolae_overflow_crystal_walls,
          minmay_temple_entry_proselytizer, serial_shops, shop, uniq_natasha

Skill      XL: |  1  2  3  4  5  6 |
---------------+-------------------+-----
Slings         | 6 7 8 |  8.6
Fighting       | 2 3 4 |  4.3
Dodging        | |  2.1
Stealth        | |  1.1

Action                   |  1- 3 |  4- 6 || total
-------------------------+-------+-------++-------
Melee: Short sword       |   217 |   238 ||   455
 Fire: Hunting sling     |     8 |    26 ||    34
  Use: Scroll            |     1 |     5 ||     6
       Potion            |       |     5 ||     5
 Stab: Sleeping          |     1 |       ||     1
  Eat: Chunk             |     3 |    10 ||    13
Armor: Ring mail         |    80 |    92 ||   172
       Leather armour    |     3 |       ||     3
Dodge: Dodged            |   201 |   209 ||   410

Table legend:
 A = Non-vault XP
 B = Vault XP
 C = Vault XP percentage of total XP
 D = Non-vault monster count
 E = Vault monster count
 F = Vault count percentage of total count
                 A         B        C        D         E       F
            +---------+---------+-------+---------+---------+-------
      Total |     428 |       0 |   0.0 |      82 |       0 |   0.0
            +---------+---------+-------+---------+---------+-------
        D:1 |      50 |       0 |   0.0 |      30 |       0 |   0.0
        D:2 |      62 |       0 |   0.0 |      17 |       0 |   0.0
        D:3 |     113 |       0 |   0.0 |      26 |       0 |   0.0
        D:4 |     203 |       0 |   0.0 |       9 |       0 |   0.0
            +---------+---------+-------+---------+---------+-------
